 Dungeon Crawl Stone Soup version 0.32-a0-42-ga30500b4d3 (webtiles) character file.

Game seed: 18347358046209904180

111 CraigForest the Slasher (level 4, -1/37 HPs)
             Began as a Barachi Fighter on Jan 30, 2024.
             Slain by an orc
             ... wielding a +0 trident
              (4 damage)
             ... on level 3 of the Dungeon.
             The game lasted 00:06:14 (1540 turns).

CraigForest the Slasher (Barachi Fighter)           Turns: 1540, Time: 00:06:14

Health: -1/37      AC:  7    Str: 18    XL:     4   Next: 92%
Magic:  4/4        EV:  9    Int:  8    God:
Gold:   57         SH:  5    Dex: 13    Spells: 3/3 levels left

rFire   . . .        a - +0 long sword
rCold   . . .        c - +0 buckler
rNeg    . . .        b - +0 scale mail
rPois   .            (helmet currently unavailable)
rElec   .            (cloak currently unavailable)
rCorr   .            (gloves currently unavailable)
SInv    .            (boots currently unavailable)
Will    .....        (no amulet) Stlth
                     (no ring)
HPRegen 0.26/turn    (no ring)
MPRegen 0.09/turn

%: no passive effects
@: beast-form, slow
A: beast (slay +0), amphibious, slowness 1, strong legs 1, +LOS
a: Hop, Begin Untransformation


You were on level 3 of the Dungeon.
You were a hulking beast.
You visited 1 branch of the dungeon, and saw 3 of its levels.

You collected 57 gold pieces.

Inventory:

Hand Weapons
 a - a +0 long sword (weapon)
 g - a +0 sling
Armour
 b - a +0 scale mail (worn)
 c - a +0 buckler (worn)
Magical Staves
 l - a staff of earth
Talismans
 h - a flux talisman
 k - a beast talisman (active)
Wands
 f - a wand of polymorph (12)
Scrolls
 j - a scroll of immolation
 m - a scroll of teleportation
Potions
 d - a potion of might
 e - a potion of heal wounds
 i - 3 potions of curing


   Skills:
 + Level 4.0 Fighting
 + Level 4.4 Long Blades
 + Level 4.0 Armour
 + Level 0.5 Dodging
 + Level 1.0 Stealth
 + Level 3.8 Shields
 + Level 0.1 Shapeshifting


You had 3 spell levels left.
You didn't know any spells.
Your spell library contained the following spells:

 Spells                   Type           Power      Damage    Failure   Level
 Necrotise                Necr           0%         1d4       86%         1
 Vampiric Draining        Necr           0%         2d6       99%         3
 Animate Dead             Necr           0%         N/A       100%        4
 Martyr's Knell           Necr/Summ      0%         N/A       100%        4
 Curse of Agony           Necr           0%         N/A       100%        5
 Haunt                    Necr/Summ      0%         N/A       100%        7
 Infestation              Necr           0%         N/A       100%        8


Dungeon Overview and Level Annotations

Branches:
Dungeon (3/15)

Altars:


Innate Abilities, Weirdness & Mutations

You are a hulking beast.
Your limbs bulge with bestial killing power. (Slay +0)
You are amphibious.
You cover ground slowly.
You can hop short distances.
You have an extended range of vision and can be seen from far away.


Message History

The adder is severely wounded.
The adder barely misses you. The adder bites you.
You miss the adder.
The adder is severely wounded.
The adder bites you but does no damage. The frilled lizard bites you.
You barely miss the adder.
The adder is severely wounded.
The adder bites you but does no damage. You block the adder's attack.
The frilled lizard bites you.
You slash the adder!
You kill the adder!
The frilled lizard barely misses you.
You barely miss the frilled lizard.
The frilled lizard bites you but does no damage.
You miss the frilled lizard. The frilled lizard bites you.
The frilled lizard barely misses you.
You hit the frilled lizard.
You kill the frilled lizard!
No target in view!
No target in view!
The orc shouts!
An orc priest comes into view.
It is wielding a +0 hand axe of draining.
The orc priest shouts!
The orc priest invokes the aid of Beogh against you.
Beogh smites you!
The orc shouts!
The orc priest invokes the aid of Beogh against you.
Beogh smites you!
You slash the orc!
You kill the orc!
The orc priest calls down the wrath of Beogh upon you.
Beogh smites you!
* * * LOW HITPOINT WARNING * * *
Things that are here:
a +0 whip; a +0 leather armour The orc priest barely misses you.
You hit the orc priest but do no damage.
The orc priest barely misses you.
The orc hits you from afar with a +0 trident.
You die...

##(..######..#..#.........#
.........##..#..#.........#
...............oo.........#
.........##.##.oo.........#
##...######.##.##.#.......#
#...# #.##....o..######
#...# #......o##.#### #...#
####.##o......# ##.##
######..h....##. ###.###
#......)#..### ......#
#.#####.#.....
.....#.##.#####.##.####
.##.###......##.# .#
..............#.# ..
........#.##..#.# ##
........#.......#
........##†...###


You could see an orc priest and 2 orcs.

Vanquished Creatures
  4 adders
  2 ribbon worms
  2 orcs (D:3)
  8 bats
  6 endoplasms
  3 giant cockroaches
  5 goblins
  8 hobgoblins
  2 jackals (D:1)
  4 quokkas (D:1)
  3 ball pythons
  8 frilled lizards
  5 kobolds
  3 rats
63 creatures vanquished.

Notes
Turn   | Place    | Note
-------+----------+-------------------------------------------
     0 | D:1      | CraigForest the Barachi Fighter began the quest for the
                  | Orb.
     0 | D:1      | Reached XP level 1. HP: 18/18 MP: 1/1
    77 | D:1      | Reached XP level 2. HP: 3/25 MP: 2/2
   299 | D:1      | Found a faded altar of an unknown god.
   411 | D:1      | Reached XP level 3. HP: 30/30 MP: 3/3
   745 | D:2      | Reached skill level 1 in Stealth
   880 | D:2      | Reached XP level 4. HP: 36/37 MP: 4/4
  1540 | D:3      | Slain by an orc

Illustrated notes

Levels and vault maps discovered:
D:1:      mainiacjoe_arrival_reflecting_pool, layout_basic,
          dreamdust_ecumenical_altar_angels_and_demons,
          hangedman_decor_clover_reticule, minmay_stone_trees_small,
          st_stairs_13
D:2:      layout_rooms
D:3:      layout_loops_cross, kennysheep_generic_room_4

Skill      XL: |  1  2  3  4 |
---------------+-------------+-----
Fighting       | 4 |  4.0
Armour         | 4 |  4.0
Long Blades    | 3 4 |  4.4
Stealth        | 1 |  1.0
Dodging        | |  0.5
Shields        | |  3.8
Shapeshifting  | |  0.1

Action                     |  1- 3 |  4- 6 || total
---------------------------+-------+-------++-------
  Melee: Long sword        |   124 |    84 ||   208
    Use: Scroll            |     6 |     5 ||    11
 Armour: Scale mail        |   118 |    72 ||   190
  Dodge: Dodged            |    64 |    34 ||    98
  Block: Buckler           |    43 |    32 ||    75
   Form: Beast             |       |     1 ||     1

Table legend: (Time is in decaauts)
 A = Elapsed time spent in this place.
 B = Non-inter-level travel time spent in this place.
 C = Inter-level travel time spent in this place.
 D = Time resting spent in this place.
 E = Time spent auto-exploring this place.
 F = Levels seen in this place.
 G = Mean time per level.
                   A        B        C        D        E       F      G
               +--------+--------+--------+--------+--------+-----+--------+
         Total |   1779 |   1727 |     52 |      0 |    994 |   3 |  593.0 |
       Dungeon |   1779 |   1727 |     52 |      0 |    994 |   3 |  593.0 |
               +--------+--------+--------+--------+--------+-----+--------+

Top non-repeatable levels by time:
     D:1: 837 daAuts
     D:2: 605 daAuts
     D:3: 336 daAuts
